 Dungeon Crawl Stone Soup version 0.22-a0-558-gc2241811a9 (webtiles) character file.

100318 Faustar the Bludgeoner (level 16, -2/146 HPs)
             Began as a Ghoul Monk on June 26, 2018.
             Was a High Priest of Qazlal.
             Killed from afar by an ice dragon (26 damage)
             ... with a blast of cold
             ... on level 15 of the Dungeon.
             The game lasted 01:12:19 (26669 turns).

Faustar the Bludgeoner (Ghoul Monk)                Turns: 26669, Time: 01:12:19

Health: -2/146     AC: 31    Str: 26    XL:     16   Next: 27%
Magic:  12/23      EV:  9    Int:  7    God:    Qazlal [*****.]
Gold:   1598       SH: 11    Dex: 15    Spells: 15/15 levels left

rFire    + + .     SeeInvis +   u - +3 morningstar "Ceokemol" {flame, +Blink rF++ Dex-4}
rCold    + + .     Gourm    .   D - +0 buckler {AC+3}
rNeg     + + +     Faith    .   t - +0 plate armour {rPois}
rPois    ∞         Spirit   .   d - +3 crown of Dyrovepreva {rElec Int+2 SInv}
rElec    +         Reflect  .   F - +2 cloak
rCorr    .         Harm     .   y - +2 pair of gloves
MR       +....                  s - +1 pair of boots {Fly}
Stlth    ..........             v - amulet of the acrobat
HPRegen  0.00/turn              h - +4 ring of dexterity
MPRegen  0.18/turn              H - ring "Miocapou" {rN+ Str+4 Dex+4}

@: protected from cold, rotting, repel missiles
A: rotting body, claws 1, carnivore, cold resistance 1, negative energy
resistance 3, inhibited regeneration, torment resistance, unbreathing
a: Upheaval, Elemental Force, Disaster Area, Renounce Religion, Evoke Blink,
Evoke Flight


You were on level 15 of the Dungeon.
You worshipped Qazlal.
Qazlal was extremely pleased with you.
You were not hungry.

You visited 4 branches of the dungeon, and saw 24 of its levels.
You also visited: Labyrinth and Ice Cave.

You collected 2547 gold pieces.
You spent 949 gold pieces at shops.

Inventory:

Hand Weapons
 a - a +4 dire flail
 b - a +0 hunting sling of freezing
 u - the +3 morningstar "Ceokemol" (weapon) {flame, +Blink rF++ Dex-4}
   (You found it in a labyrinth)

   It has been specially enchanted to burn those struck by it, causing extra
   injury to most foes and up to half again as much damage against particularly
   susceptible opponents.
   It affects your dexterity (-4).
   It greatly protects you from fire.
   It lets you blink.
 G - the +0 morningstar "Faapn" {crush, *Corrode Dex+2 SInv}
   (You found it in a labyrinth)

   It inflicts extra damage upon your enemies.
   It affects your dexterity (+2).
   It lets you see invisible.
   It may corrode you when you take damage.
 P - a +2 great mace of protection
Missiles
 l - 512 stones (quivered)
Armour
 d - the +3 crown of Dyrovepreva (worn) {rElec Int+2 SInv}
   (You acquired it on level 6 of the Lair of Beasts)

   It affects your intelligence (+2).
   It insulates you from electricity.
   It lets you see invisible.
 p - the +1 hat "Suguz" {Str+2 Slay+4}
   (You found it in an ice cave)

   It affects your strength (+2).
   It affects your accuracy and damage with ranged weapons and melee attacks
   (+4).
 s - a +1 pair of boots of flying (worn)
 t - a +0 plate armour of poison resistance (worn)
 y - a +2 pair of gloves (worn)
 D - a +0 buckler of protection (worn)
 F - a +2 cloak (worn)
 J - a scarf of spirit shield
 S - a +0 shield of cold resistance
Jewellery
 h - a +4 ring of dexterity (left hand)
 k - an uncursed ring of magical power
 v - an amulet of the acrobat (around neck)
 C - an uncursed ring of see invisible
 H - the ring "Miocapou" (right hand) {rN+ Str+4 Dex+4}
   (You bought it in a shop on level 2 of the Orcish Mines)

   [ring of positive energy]

   It affects your strength (+4).
   It affects your dexterity (+4).
   It protects you from negative energy.
 Y - the ring "Buah" {Ice rElec rPois Str-2 Int+3 Dex+4}
   (You found it on level 5 of the Lair of Beasts)

   [ring of ice]

   It enhances your ice magic.
   It affects your strength (-2).
   It affects your intelligence (+3).
   It affects your dexterity (+4).
   It makes you vulnerable to fire.
   It protects you from cold.
   It insulates you from electricity.
   It protects you from poison.
Wands
 m - a wand of acid (11)
 r - a wand of flame (22)
 A - a wand of digging (15)
 K - a wand of polymorph (67)
 R - a wand of iceblast (33)
 W - a wand of disintegration (3)
 Z - a wand of enslavement (12)
Scrolls
 e - 11 scrolls of remove curse
 f - 4 scrolls of identify
 g - 5 scrolls of teleportation
 o - 6 scrolls of blinking
 w - a scroll of torment
 x - 3 scrolls of enchant weapon
 B - 4 scrolls of fear
 L - 4 scrolls of amnesia
 U - 2 scrolls of fog {unknown}
 V - 3 scrolls of enchant armour
Potions
 i - 2 potions of resistance
 j - 4 potions of flight
 q - a potion of invisibility
 z - 12 potions of curing
 E - 5 potions of might
 I - a potion of ambrosia
 N - 6 potions of heal wounds
 O - 3 potions of haste
 T - a potion of agility
Comestibles
 c - 31 rations


   Skills:
 + Level 14.3 Fighting
 - Level 16.2 Maces & Flails
 * Level 12.5 Armour
 - Level 2.6 Dodging
 - Level 2.1 Stealth
 + Level 5.7 Shields
 + Level 11.1 Invocations


You had 15 spell levels left.
You didn't know any spells.
Your spell library contained the following spells:

 Spells                   Type           Power        Failure   Level  Hunger
 Cause Fear               Hex            #.........   100%        4    #####..
 Bolt of Cold             Conj/Ice       #.........   100%        6    #######
 Lightning Bolt           Conj/Air       #.........   100%        5    ######.
 Slow                     Hex            #.......     99%         2    ###....
 Confuse                  Hex            #.......     100%        3    ####...
 Freezing Cloud           Conj/Ice/Air   #.........   100%        6    #######
 Ozocubu's Refrigeration  Ice            #.........   100%        6    #######
 Tukima's Dance           Hex            #.......     100%        3    ####...
 Shock                    Conj/Air       #...         98%         1    ##.....
 Swiftness                Chrm/Air       #.......     99%         2    ###....
 Spider Form              Tmut/Pois      #.........   100%        3    ####...
 Blade Hands              Tmut           #.........   100%        5    ######.
 Ice Form                 Ice/Tmut       #.......     100%        4    #####..
 Airstrike                Air            #.........   100%        4    #####..
 Sticks to Snakes         Tmut           #.......     99%         2    ###....
 Ensorcelled Hibernation  Hex/Ice        #.....       99%         2    ###....
 Metabolic Englaciation   Hex/Ice        #.........   100%        5    ######.
 Static Discharge         Conj/Air       #.......     100%        3    ####...
 Corona                   Hex            #......      98%         1    ##.....
 Simulacrum               Ice/Necr       #.........   100%        6    #######
 Portal Projectile        Hex/Tloc       #.....       100%        3    ####...
 Leda's Liquefaction      Hex/Erth       #.........   100%        4    #####..
 Inner Flame              Hex/Fire       #.......     100%        3    ####...
 Beastly Appendage        Tmut           #.....       98%         1    ##.....
 Dazzling Spray           Conj/Hex       #.....       100%        3    ####...


Dungeon Overview and Level Annotations

Branches:
Dungeon (15/15)            Temple (1/1) D:7            Lair (6/6) D:10
  Swamp (0/4) Lair:2       Spider (0/4) Lair:2        Slime (0/5) Lair:6
    Orc (2/2) D:12            Elf (0/3) Orc:2        Vaults (0/5) D:14
 Depths: D:15

Altars:
Ashenzari
Cheibriados
Dithmenos
Elyvilon
Fedhas
Gozag
Hepliaklqana
Kikubaaqudgha
Makhleb
Nemelex Xobeh
Okawaru
Qazlal
Ru
Sif Muna
Trog
Uskayaw
Vehumet
Wu Jian
Xom
Yredelemnul
Zin
The Shining One

Shops:
D:5 ?   D:7 }(:   Orc:1 :   Orc:2 =*[(

Annotations:
D:7 1 exclusion
D:8 3 runed doors, adarith's ghost, novice GrEE; lavawurm's ghost, novice GrFi; temitten's ghost, novice DEFE
D:10 3 runed doors, 1 exclusion, Zigma's ghost, novice DrMo


Innate Abilities, Weirdness & Mutations

Your body is rotting away.
You thrive on raw meat.
You are immune to poison.
You have sharp fingernails.
You are carnivorous and can eat meat at any time.
Your flesh is cold resistant. (rC+)
You are immune to negative energy. (rN+++)
You do not regenerate when monsters are visible.
You are immune to unholy pain and torment.
You can survive without breathing.


Message History

The wolf spider zombie bites you but does no damage.
The brown ugly thing is engulfed in blazing flames.
The brown ugly thing bites you but does no damage.
You hit the ice dragon but do no damage.
The ice dragon is almost dead.
The wolf spider zombie misses you.
The wolf spider zombie completely misses you.
The ice dragon barely misses you.
The ice dragon claws you but does no damage.
The ice dragon completely misses you.
Clouds arounds you coalesce and take form!
The wolf spider zombie hits you but does no damage.
The wolf spider zombie bites you but does no damage.
The brown ugly thing is engulfed in blazing flames.
The brown ugly thing bites you but does no damage.
The ice dragon breathes frost at you. The blast of cold hits you! You resist.
Your resistance to physical damage fades away.
You feel protected from cold.
You die...

#.......# ....### #.......#
.........# #.......#
.........# #.......#
.........# #.......#
....(....# #..E....########
.........####E.§...........
..........)E§@D........$.#
.....(....).Zu...........#
...........E...E.........#
.....##.####.............#
.... '... #..)<.........# .
..'.... #.............#
..###.....#.............# .
.....##................
..(...#.................


You could see an ice dragon, a brown ugly thing, a wolf spider zombie, a
friendly earth elemental, a friendly fire elemental and 3 friendly air
elementals.

Vanquished Creatures
  A thorn hunter (Lair:5)
  A tengu reaver (D:14)
  A frost giant (D:14)
  An orc warlord (Orc:2)
  A white draconian (IceCv)
  A deep elf annihilator (D:14)
  A minotaur (Lab)
  2 yaktaur captains
  12 hydras
  A death knight (D:14)
  2 centaur warriors
  4 two-headed ogres
  5 orc high priests (Orc:2)
  A skeletal warrior (D:14)
  Sonja (D:15)
  3 unseen horrors
  A shambling mangrove (Lair:5)
  5 orc knights
  5 orc sorcerers
  An oklob plant (Lair:5)
  A deep elf mage (D:12)
  2 manticores
  A cyclops (D:14)
  7 ugly things
  5 black mambas (Lair:5)
  3 elephants (Lair:3)
  Maurice (Orc:2)
  2 ice statues (IceCv)
  Psyche (D:8)
  A torpor snail (Lair:2)
  9 spiny frogs
  A gargoyle (D:13)
  3 rime drakes
  2 minotaur zombies (Lab)
  10 komodo dragons
  2 yaktaurs (D:14)
  3 freezing wraiths (D:14)
  An efreet (D:14)
  A komodo dragon (shapeshifter) (D:14)
  A meliai (D:13)
  15 polar bears
  A wandering mushroom (Lair:5)
  5 trolls
  4 jumping spiders (Lair:2)
  Grinder (D:5)
  6 hornets
  2 bog bodies (Lair:2)
  9 blink frogs (Lair:4)
  7 hippogriffs
  A meliai zombie (D:13)
  5 redbacks (Lair:2)
  14 spriggans
  A tarantella (shapeshifter) (D:14)
  5 wraiths
  4 vampires (D:11)
  A shadow (D:13)
  5 basilisks
  A human (D:12)
  4 wyverns
  66 yaks
  2 steam dragons
  7 wargs
  4 vampire mosquitoes
  5 hungry ghosts
  2 swamp worms (Lair:2)
  2 acid dragons
  2 soldier ants
  16 water moccasins
  8 porcupines
  32 orc warriors
  4 phantoms
  An ice beast (shapeshifter) (D:13)
  5 sky beasts
  6 black bears
  9 ice beasts
  5 necrophages
  40 wolves
  5 boggarts (Lair:6)
  10 ogres
  12 crocodiles
  5 centaurs
  3 big kobolds
  9 bullfrogs
  A gnoll sergeant (D:6)
  2 wyvern zombies
  2 scorpions
  10 wights
  8 electric eels (D:10)
  6 crimson imps
  8 centaur zombies
  7 jellies
  6 bullfrog zombies
  2 quasits
  2 bullfrog skeletons
  10 hounds
  2 centaur skeletons (D:11)
  35 orc priests
  36 orc wizards
  2 iguanas (D:5)
  Jessica (D:3)
  Terence (D:2)
  13 worker ants
  12 hell rats (Lair:6)
  2 hound zombies (D:8)
  Robin (D:2)
  A worker ant zombie (D:7)
  18 gnolls
  A howler monkey zombie (D:10)
  8 adders
  4 oozes (Lair:6)
  2 adder zombies
  5 worms
  7 leopard geckos
  117 orcs
  4 ball pythons
  4 giant cockroaches
  8 hobgoblins
  5 jackals (D:5)
  6 quokkas
  15 bats
  7 frilled lizards
  16 goblins
  13 kobolds
  A quokka skeleton (D:4)
  5 rats
874 creatures vanquished.

Vanquished Creatures (collateral kills)
  A polar bear (IceCv)
1 creature vanquished.

Vanquished Creatures (others)
  Louise (D:15)
  A polar bear (IceCv)
  A yak (IceCv)
  Grum (D:8)
  A porcupine (Lair:3)
  An orc warrior (D:15)
  2 wolves (IceCv)
  A bullfrog (D:14)
  8 fungi
  9 plants
  4 withered plants (D:8)
30 creatures vanquished.

Grand Total: 905 creatures vanquished

Notes
Turn   | Place    | Note
-------+----------+-------------------------------------------
     0 | D:1      | Faustar the Ghoul Monk began the quest for the Orb.
     0 | D:1      | Reached XP level 1. HP: 19/19 MP: 0/0
   281 | D:1      | Reached XP level 2. HP: 18/26 MP: 1/1
   758 | D:2      | Noticed Terence
   780 | D:2      | Killed Terence
   780 | D:2      | Reached skill level 3 in Maces & Flails
   780 | D:2      | Reached XP level 3. HP: 14/33 MP: 2/2
  1063 | D:2      | Noticed an ogre
  1352 | D:2      | Reached XP level 4. HP: 16/40 MP: 3/3
  1537 | D:2      | Reached skill level 1 in Armour
  2153 | D:2      | Reached XP level 5. HP: 23/47 MP: 4/4
  2327 | D:2      | Killed an ogre
  2327 | D:2      | Reached skill level 4 in Maces & Flails
  2494 | D:2      | Noticed Robin
  2949 | D:1      | Reached XP level 6. HP: 48/53 MP: 5/5
  2978 | D:2      | Killed Robin
  3080 | D:3      | Noticed Jessica
  3116 | D:3      | Killed Jessica
  3281 | D:2      | Found a deep blue altar of Sif Muna.
  3385 | D:3      | Found an iron altar of Okawaru.
  3810 | D:4      | Reached skill level 5 in Fighting
  3927 | D:4      | Reached XP level 7. HP: 53/61 MP: 6/6
  4005 | D:4      | Reached skill level 5 in Maces & Flails
  4441 | D:5      | Entered Level 5 of the Dungeon
  4710 | D:5      | Found Dotzeat's Magic Scroll Boutique.
  4733 | D:5      | Bought a scroll of identify for 26 gold pieces
  4733 | D:5      | Bought a scroll of magic mapping for 45 gold pieces
  4733 | D:5      | Bought a scroll of fear for 45 gold pieces
  4809 | D:5      | Reached XP level 8. HP: 61/70 MP: 7/7
  4865 | D:5      | Reached skill level 6 in Maces & Flails
  5171 | D:5      | Noticed Grinder
  5226 | D:5      | Killed Grinder
  5226 | D:5      | Reached skill level 5 in Armour
  6424 | D:6      | Reached skill level 7 in Maces & Flails
  6444 | D:5      | Reached XP level 9. HP: 52/77 MP: 8/8
  7449 | D:7      | Found Jezxowk's Gadget Shop.
  7452 | D:7      | Found Qeuge's Weapon Boutique.
  7475 | D:6      | Reached skill level 8 in Maces & Flails
  7796 | D:7      | Reached XP level 10. HP: 54/88 MP: 9/9
  7997 | D:7      | Found a staircase to the Ecumenical Temple.
  8014 | D:7      | Found Ilalleez's Book Emporium.
  8059 | Temple   | Entered the Ecumenical Temple
  8332 | Temple   | Became a worshipper of Qazlal Stormbringer
  8332 | Temple   | Reached * piety under Qazlal
  8332 | Temple   | Reached ** piety under Qazlal
  8536 | D:7      | Found a deep blue altar of Sif Muna.
  8579 | D:8      | Reached skill level 9 in Maces & Flails
  9035 | D:8      | Found a runed gate.
  9036 | D:8      | Found a runed gate.
  9037 | D:8      | Found a runed gate.
  9038 | D:8      | Noticed temitten's ghost (novice DEFE)
  9039 | D:8      | Noticed lavawurm's ghost (novice GrFi)
  9040 | D:8      | Noticed adarith's ghost (novice GrEE)
  9398 | D:8      | Noticed Grum
  9413 | D:8      | Your ally died
  9448 | D:9      | Found a shattered altar of Ashenzari.
  9526 | D:9      | Reached *** piety under Qazlal
  9630 | D:9      | Noticed Psyche
  9684 | D:8      | Killed Psyche
 10052 | D:9      | Reached skill level 10 in Maces & Flails
 10052 | D:9      | Reached XP level 11. HP: 76/92 MP: 10/10
 10371 | D:10     | Entered Level 10 of the Dungeon
 10371 | D:10     | Found a runed gate.
 10371 | D:10     | Found a runed gate.
 10371 | D:10     | Found a runed gate.
 10392 | D:10     | Noticed Zigma's ghost (novice DrMo)
 10597 | D:10     | Reached **** piety under Qazlal
 10600 | D:10     | Found a staircase to the Lair.
 10878 | D:10     | Reached skill level 10 in Armour
 11885 | Lair:1   | Entered Level 1 of the Lair of Beasts
 11991 | Lair:1   | Reached skill level 11 in Maces & Flails
 11997 | Lair:1   | Found a frozen archway.
 12018 | IceCv    | Entered an ice cave
 12030 | IceCv    | Reached skill level 1 in Shields
 12208 | IceCv    | Reached XP level 12. HP: 106/106 MP: 11/11
 12726 | IceCv    | Noticed a white draconian
 12742 | IceCv    | Reached skill level 12 in Maces & Flails
 12766 | IceCv    | Killed a white draconian
 13169 | IceCv    | Got a fine hat
 13191 | IceCv    | Identified the +1 hat "Suguz" {Str+2 Slay+4} (You found it in an ice cave)
 13329 | Lair:1   | Noticed a five-headed hydra
 13341 | Lair:1   | Killed a five-headed hydra
 14095 | Lair:2   | Reached skill level 1 in Invocations
 14141 | Lair:2   | Reached ***** piety under Qazlal
 14163 | Lair:2   | Reached skill level 13 in Maces & Flails
 14168 | Lair:2   | Reached skill level 10 in Fighting
 14425 | Lair:2   | Found a hole to the Spider Nest.
 14496 | Lair:2   | Reached XP level 13. HP: 109/114 MP: 14/14
 14602 | Lair:2   | Found a staircase to the Swamp.
 15805 | Lair:4   | Reached skill level 5 in Invocations
 15827 | Lair:4   | Reached skill level 14 in Maces & Flails
 16890 | Lair:5   | Reached ****** piety under Qazlal
 17113 | Lair:5   | Noticed a thorn hunter
 17113 | Lair:5   | an oklob plant changed into a thorn hunter
 17128 | Lair:5   | Killed a thorn hunter
 17128 | Lair:5   | Reached XP level 14. HP: 66/125 MP: 18/18
 17207 | Lair:5   | Got a smoking steel ring
 17263 | Lair:5   | Identified the ring "Buah" {Ice rElec rPois Str-2 Int+3 Dex+4} (You found it on level 5 of the Lair of Beasts)
 17730 | Lair:6   | Entered Level 6 of the Lair of Beasts
 17769 | Lair:6   | Reached skill level 15 in Maces & Flails
 18762 | Lair:6   | Found a staircase to the Slime Pits.
 20152 | D:12     | Reached skill level 16 in Maces & Flails
 20540 | D:12     | Found a labyrinth entrance.
 20549 | Lab      | Entered a labyrinth
 20680 | Lab      | Got a fine morningstar
 20684 | Lab      | Identified a scroll of acquirement
 20691 | Lab      | Got a jewelled morningstar
 20705 | Lab      | Reached XP level 15. HP: 101/134 MP: 20/20
 20739 | Lab      | Identified the cursed +3 morningstar "Ceokemol" {flame, +Blink rF++ Dex-4} (You found it in a labyrinth)
 20741 | Lab      | Identified the cursed +0 morningstar "Faapn" {crush, *Corrode Dex+2 SInv} (You found it in a labyrinth)
 21282 | D:12     | Found a staircase to the Orcish Mines.
 21906 | Lair:6   | Found the +3 crown of Dyrovepreva {rElec Int+2 SInv}
 22307 | Orc:1    | Entered Level 1 of the Orcish Mines
 22961 | Orc:2    | Entered Level 2 of the Orcish Mines
 23149 | Orc:1    | Found Geujiukh's Book Shop.
 23694 | Orc:2    | Found a staircase to the Elven Halls.
 23964 | Orc:2    | Reached skill level 10 in Invocations
 23983 | Orc:2    | Noticed an orc warlord
 24000 | Orc:2    | Killed an orc warlord
 24055 | Orc:2    | Noticed Maurice
 24064 | Orc:2    | Killed Maurice
 24424 | Orc:2    | Found Cyiru's Antique Armour Boutique.
 24425 | Orc:2    | Found Zoaxt's Antique Weapon Shop.
 24426 | Orc:2    | Found Afeech's General Store.
 24426 | Orc:2    | Found Leqec's Jewellery Boutique.
 24430 | Orc:2    | Bought a potion of curing for 48 gold pieces
 24445 | Orc:2    | Bought a pair of glowing boots for 172 gold pieces
 24454 | Orc:2    | Bought the ring "Miocapou" {rN+ Str+4 Dex+4} for 613 gold pieces
 25737 | D:14     | Noticed a tengu reaver
 25753 | D:14     | Killed a tengu reaver
 25753 | D:14     | Reached skill level 5 in Shields
 25760 | D:14     | Reached XP level 16. HP: 42/144 MP: 11/23
 26372 | D:14     | Found a gate to the Vaults.
 26551 | D:15     | Entered Level 15 of the Dungeon
 26557 | D:15     | Noticed Sonja
 26639 | D:15     | Noticed Louise
 26655 | D:15     | Killed Sonja
 26655 | D:15     | Killed Louise
 26669 | D:15     | Killed from afar by an ice dragon

Vault maps used:
D:1:      evilmike_arrival_grusome_pit
D:2:      lemuel_upstairs_altar, uniq_robin, uniq_terence
D:3:      minmay_misc_feat_nine_boxes, okawaru_gym_becter, uniq_jessica
D:4:      first_ration
D:5:      serial_shops, nicolae_shop_stone, uniq_grinder
D:7:      minmay_temple_entry_enclosed_plants, serial_shops, shop, shop,
          shop_fountains, the_bakery, led_sif_book
D:8:      gammafunk_ghost_cemetery, serial_undead, serial_undead_c,
          serial_undead_e, serial_undead_a, serial_undead_f, serial_undead_a,
          serial_undead_e, uniq_grum
D:9:      ashenzari_altar_1, uniq_psyche
D:10:     erik_lair_orcish_takeover, serial_bayou, serial_bayou_lagoon_b,
          serial_bayou_crossing, serial_bayou_lake_a, serial_bayou_pond_c,
          gammafunk_ghost_spectres
D:11:     hangedman_batty
D:12:     erik_orc_4, lab_entry_generic, enter_bailey_3,
          kennysheep_generic_room_10
D:13:     serial_shops, shop, serial_curves, eino_curves_02, eino_curves_02,
          nzn_random_ring
D:14:     thingy_vault, david_vaults_2
D:15:     grunt_enter_depths_hoard, minmay_misc_feat_tiny, uniq_louise,
          uniq_sonja
Temple:   regret_index_temple_sigil_plot
Lair:1:   portal_ice_cave_rime, grunt_forest_large_clearing_hut,
          grunt_megastairs_2
Lair:2:   nicolae_swamp_entry_splash_gauntlet, nicolae_spider_entry_tight_spaces
Lair:3:   lemuel_old_faithful
Lair:5:   beast_lair_carwin_large_3, minmay_lair_oklob_chamber
Lair:6:   minmay_lair_end_enchanted_forest, nicolae_slime_entry_slimehenge,
          fungi_pond_lemuel
Orc:1:    serial_shops, shop
Orc:2:    st_orc_congregation, mines2_lemuel, uniq_maurice
Lab:      labyrinth_hidden_loot, nicolae_lab_swirl
IceCv:    ice_cave_small_giant

Skill      XL: |  1  2  3  4  5  6  7  8  9 10 11 12 13 14 15 16 |
---------------+-------------------------------------------------+-----
Fighting       | 4 5 6 7 8 9 10 11 13 14 | 14.3
Maces & Flails | 3 4 5 7 8 10 11 13 14 16 | 16.2
Armour         | 1 2 3 4 6 7 9 10 12 | 12.5
Shields        | 3 4 5 |  5.7
Invocations    | 3 7 9 10 11 | 11.1
Dodging        | |  2.6
Stealth        | |  2.1

Action                   |  1- 3 |  4- 6 |  7- 9 | 10-12 | 13-15 | 16-18 || total
-------------------------+-------+-------+-------+-------+-------+-------++-------
Melee: Mace              |   108 |   267 |   386 |       |       |       ||   761
       Morningstar       |       |       |   150 |    21 |   582 |   100 ||   853
       Flail             |       |       |   139 |       |       |       ||   139
       Dire flail        |       |       |       |   739 |   818 |       ||  1557
 Fire: Hunting sling     |       |    20 |    64 |       |       |       ||    84
Invok: Upheaval          |       |       |       |     1 |       |       ||     1
       Disaster Area     |       |       |       |       |     8 |     1 ||     9
       Elemental Force   |       |       |       |       |       |     2 ||     2
 Abil: Stop Flying       |       |       |       |       |     1 |       ||     1
       Evoke Blink       |       |       |       |       |     1 |       ||     1
Evoke: Wand              |       |       |     1 |    17 |    33 |       ||    51
  Use: Scroll            |       |     2 |     3 |    13 |    17 |       ||    35
       Potion            |       |       |       |     3 |     1 |       ||     4
 Stab: Sleeping          |     2 |       |       |       |       |       ||     2
       Distracted        |       |       |       |     2 |       |       ||     2
       Invisible         |       |       |       |     1 |       |       ||     1
  Eat: Chunk             |     2 |    20 |    43 |   101 |   136 |    19 ||   321
       Ration            |       |       |       |       |     1 |       ||     1
Armor: Robe              |     8 |       |       |       |       |       ||     8
       Chain mail        |    77 |   223 |   437 |   240 |       |       ||   977
       Plate armour      |       |       |       |   259 |   695 |    67 ||  1021
Dodge: Dodged            |    65 |   134 |   315 |   284 |   524 |    58 ||  1380
       Deflected         |       |       |       |     4 |    12 |     3 ||    19
Block: Other             |       |       |       |   144 |   311 |       ||   455
       Buckler           |       |       |       |       |   378 |    61 ||   439

Table legend:
 A = Spawn XP
 B = Non-spawn XP
 C = Spawn XP percentage of total XP
 D = Spawn monster count
 E = Non-spawn monster count
 F = Spawn count percentage of total count
 G = Total turns spent on level
                    A         B        C        D         E        F      G
               +---------+---------+-------+---------+---------+-------+---------
         Total |       0 |  143312 |   0.0 |       0 |     877 |   0.0 | 26669
               +---------+---------+-------+---------+---------+-------+---------
           D:1 |       0 |      25 |   0.0 |       0 |      16 |   0.0 |  1813
           D:2 |       0 |     310 |   0.0 |       0 |      33 |   0.0 |  1314
           D:3 |       0 |     163 |   0.0 |       0 |      22 |   0.0 |   745
           D:4 |       0 |     470 |   0.0 |       0 |      18 |   0.0 |  1055
           D:5 |       0 |    1349 |   0.0 |       0 |      36 |   0.0 |  1627
           D:6 |       0 |    1454 |   0.0 |       0 |      45 |   0.0 |  1312
           D:7 |       0 |    2219 |   0.0 |       0 |      36 |   0.0 |   845
           D:8 |       0 |    1917 |   0.0 |       0 |      22 |   0.0 |  1262
           D:9 |       0 |    2706 |   0.0 |       0 |      24 |   0.0 |   702
          D:10 |       0 |    3206 |   0.0 |       0 |      37 |   0.0 |  1545
          D:11 |       0 |    7346 |   0.0 |       0 |      49 |   0.0 |  1363
          D:12 |       0 |    5559 |   0.0 |       0 |      48 |   0.0 |  1079
          D:13 |       0 |    7112 |   0.0 |       0 |      30 |   0.0 |   316
          D:14 |       0 |   22557 |   0.0 |       0 |      46 |   0.0 |  1096
          D:15 |       0 |    4782 |   0.0 |       0 |      13 |   0.0 |    86
        Lair:1 |       0 |    3837 |   0.0 |       0 |      16 |   0.0 |   905
        Lair:2 |       0 |    7180 |   0.0 |       0 |      32 |   0.0 |  1089
        Lair:3 |       0 |    3347 |   0.0 |       0 |      11 |   0.0 |   837
        Lair:4 |       0 |    7973 |   0.0 |       0 |      35 |   0.0 |   823
        Lair:5 |       0 |   13597 |   0.0 |       0 |      36 |   0.0 |  1263
        Lair:6 |       0 |   18044 |   0.0 |       0 |     102 |   0.0 |  1252
         Orc:1 |       0 |    2918 |   0.0 |       0 |      34 |   0.0 |  1095
         Orc:2 |       0 |   14934 |   0.0 |       0 |     101 |   0.0 |  1334
           Lab |       0 |    1972 |   0.0 |       0 |       3 |   0.0 |   355
         IceCv |       0 |    8335 |   0.0 |       0 |      32 |   0.0 |  1263
               +---------+---------+-------+---------+---------+-------+---------
